 Dungeon Crawl Stone Soup version 0.30-a0-135-g630cfc4551 (webtiles) character file.

Game seed: 16241578623046690653

89481 sanka the Spear-Bearer (level 15, -24/134 HPs)
             Began as a Demigod Conjurer on Sept 20, 2022.
             Killed from afar by a hellion (40 damage)
             ... with damnation
             ... on level 2 of the Abyss.
             The game lasted 01:02:38 (24811 turns).

sanka the Spear-Bearer (Demigod Conjurer)          Turns: 24811, Time: 01:02:39

Health: -24/134    AC: 20    Str:  7 (8)  XL:     15   Next: 9%
Magic:  26/26      EV: 23    Int: 43      God:
Gold:   2075       SH:  0    Dex: 16      Spells: 15/24 levels left

rFire   . . .      SeeInvis .    a - +5 glaive of the Guard {elec, spectral, AC+5}
rCold   . . .      Faith    .    (shield currently unavailable)
rNeg    . . .      Spirit   .    X - +0 steam dragon scales
rPois   .          Reflect  .    n - +2 helmet {Int+3}
rElec   .          Harm     .    r - +0 cloak
rCorr   .          Rampage  .    h - +1 pair of gloves
Will    +....                    O - +1 pair of boots
Stlth   ++........               c - amulet of regeneration
HPRegen 1.12/turn                V - +4 ring of evasion
MPRegen 0.20/turn                k - +6 ring of dexterity

@: studying Axes, unable to read
A: high MP 1, forlorn, divine attributes, deterioration 1, [clumsy 1],
[screaming 1], [inability to read after injury 1]
a: no special abilities


You were on level 2 of the Abyss.
You visited 3 branches of the dungeon, and saw 20 of its levels.
You visited the Abyss 1 time.
You also visited: Ice Cave.

You collected 2075 gold pieces.


Innate Abilities, Weirdness & Mutations

You have an increased reservoir of magic. (+10% MP)
You shall have no god before yourself.
Your divine heritage dramatically boosts your attributes as you level up.
Your body sometimes deteriorates upon taking damage.
[You are clumsy. (Dex -2)]
[You occasionally shout uncontrollably at your foes.]
[You occasionally lose the ability to read scrolls when taking damage.]


   Skills:
 - Level 12.4 Fighting
 * Level 14.1 Polearms
 - Level 6.0 Armour
 - Level 12.5 Dodging
 - Level 1.7 Stealth
 - Level 5.0 Spellcasting
 - Level 11.0 Conjurations
 - Level 3.0 Hexes


You had 15 spell levels left.
You knew the following spells:

 Your Spells              Type           Power      Damage    Failure   Level
x - Searing Ray           Conj           100%       2d8       1%          2
z - Magic Dart            Conj           100%       1d8       1%          1
N - Passwall              Tmut/Erth      8%         N/A       3%          2
Z - Fulminant Prism       Conj/Hex       31%        3d16      1%          4

Your spell library contained the following spells:

 Spells                   Type           Power      Damage    Failure   Level
 Ensorcelled Hibernation  Hex/Ice        46%        N/A       1%          2
 Dazzling Flash           Conj/Hex       100%       N/A       1%          3
 Stone Arrow              Conj/Erth      100%       3d13      1%          3
 Tukima's Dance           Hex            36%        N/A       1%          3
 Beastly Appendage        Tmut           20%        N/A       2%          1
 Hailstorm                Conj/Ice       55%        3d12      2%          4
 Iskenderun's Mystic Bla  Conj/Tloc      55%        2d12      2%          4
 Blink                    Tloc           20%        N/A       3%          2
 Cigotuvi's Dreadful Rot  Necr/Pois/Air  20%        N/A       3%          2
 Poisonous Vapours        Pois/Air       20%        N/A       3%          2
 Wereblood                Tmut           10%        N/A       3%          2
 Portal Projectile        Hex/Tloc       46%        N/A       3%          3
 Call Canine Familiar     Summ           10%        N/A       7%          3
 Gell's Gravitas          Tloc           10%        N/A       7%          3
 Lesser Beckoning         Tloc           10%        N/A       7%          3
 Ozocubu's Armour         Ice            10%        N/A       7%          3
 Spider Form              Tmut/Pois      10%        N/A       7%          3
 Swiftness                Air            10%        N/A       7%          3
 Teleport Other           Tloc           10%        N/A       7%          3
 Leda's Liquefaction      Hex/Erth       11%        N/A       13%         4
 Animate Armour           Summ/Erth      20%        N/A       24%         4
 Ice Form                 Ice/Tmut       10%        N/A       24%         4
 Manifold Assault         Tloc           10%        N/A       24%         4
 Passage of Golubria      Tloc           10%        N/A       24%         4
 Silence                  Hex/Air        11%        N/A       34%         5
 Yara's Violent Unravell  Hex/Tmut       11%        3d6       34%         5
 Lee's Rapid Deconstruct  Erth           5%         3d7*      54%         5
 Dispersal                Tloc           5%         N/A       98%         6
 Simulacrum               Ice/Necr       5%         N/A       98%         6
 Statue Form              Tmut/Erth      6%         N/A       98%         6
 Ozocubu's Refrigeration  Ice            5%         4d8       100%        7
 Storm Form               Tmut/Air       5%         N/A       100%        7
 Lehudib's Crystal Spear  Conj/Erth      27%        10d7      100%        8

Inventory:

Hand Weapons
 a - the +5 glaive of the Guard (weapon) {elec, spectral, AC+5}

   It occasionally discharges a powerful burst of electricity upon striking a
   foe.
   When it strikes, its spirit leaps out and fights alongside the wielder.
   AC:        It affects your AC (+5).
 b - the +9 lance "Wyrmbane" {slay drac, rPois rF+ rC+ AC+3}

   It inflicts extra damage against dragons and draconians.
   AC:        It affects your AC (+3).
   rF:        It protects you from fire.
   rC:        It protects you from cold.
   rPois:     It protects you from poison.
Missiles
 m - 15 curare-tipped darts {=f}
 T - 3 throwing nets {=f}
Armour
 h - a +1 pair of gloves (worn)
 n - a +2 helmet of intelligence (worn)
 r - a +0 cloak (worn)
 O - a +1 pair of boots (worn)
 X - +0 steam dragon scales (worn)
Magical Staves
 w - a staff of air
Jewellery
 c - an amulet of regeneration (around neck)
 k - a +6 ring of dexterity (right hand)
 t - a ring of flight
 z - a +6 ring of intelligence
 E - a ring of protection from cold
 R - a ring of protection from fire
 V - a +4 ring of evasion (left hand)
 Y - a ring of willpower
Wands
 s - a wand of polymorph (25)
 u - a wand of iceblast (11)
 v - a wand of flame (42)
 K - a wand of charming (7)
Scrolls
 e - 10 scrolls of enchant weapon
 i - 15 scrolls of teleportation {@r4}
 o - 3 scrolls of fear
 q - 7 scrolls of immolation {!r}
 x - 7 scrolls of noise {!r}
 y - 5 scrolls of poison {!r}
 A - 2 scrolls of amnesia
 B - 3 scrolls of blinking
 G - 2 scrolls of magic mapping
 H - 3 scrolls of fog
 L - a scroll of enchant armour {unknown}
 M - a scroll of torment {!r}
 Z - 4 scrolls of vulnerability {!r}
Potions
 d - a potion of invisibility {unknown}
 f - a potion of cancellation {unknown}
 g - 7 potions of berserk rage {!q}
 j - 3 potions of heal wounds {@q2}
 l - 12 potions of curing {@q1}
 p - 6 potions of attraction {!q}
 C - 7 potions of mutation {!q}
 D - 2 potions of magic
 F - 3 potions of haste {@q3}
 I - a potion of might {unknown}
 J - 3 potions of brilliance {unknown}
 N - a potion of ambrosia {unknown}
 S - a potion of flight {unknown}
 W - a potion of degeneration {unknown}

Dungeon Overview and Level Annotations

Branches:
Dungeon (13/15)            Temple (0/1) D:6            Lair (5/5) D:11
 Shoals (0/4) Lair:2       Spider (0/4) Lair:2        Slime (0/5) Lair:5
    Orc (2/2) D:12            Elf (0/3) Orc:2        Vaults (0/5) D:13
  IceCv (visited)

Shops:
D:7 *   D:12 *   Orc:2 =*!=

Portals:
Trove: D:11 (give +4 ice dragon scales)

▒ . ▒ .▒...
▒. ▒G▒▒▒▒.
..... ▒
.▒....#▒. ▒.
...▒▒...▒ .
...▒.▒. . ..
▒▒▒......▒
▒.▒.▒▒.▒.▒▒
▒▒....▒...▒
▒...▒2p▒...▒
.▒...▒.▒▒▒▒
▒..▒...▒ ▒
.....▒▒▒.▒
..▒.▒.▒▒▒..▒
. ▒... ▒.▒▒▒
▒▒▒ ▒▒▒


You could see a hellion.


Message History

Your +5 glaive of the Guard {elec, spectral, AC+5} hits the orange demon from afar!
You slash the orange demon!
Lightning courses through the orange demon!
The orange demon is almost dead.
Your +5 glaive of the Guard {elec, spectral, AC+5} closely misses the orange demon.
The orange demon misses you. The orange demon completely misses you.
You slash the orange demon!
Lightning courses through the orange demon!
You kill the orange demon!
A hellion comes into view.
The hellion gives a hideous shriek!
The hellion gestures at you.
The sphere of damnation explodes!
The damnation engulfs you!!
You feel threatened and lose the ability to read scrolls!
* * * LOW HITPOINT WARNING * * *
The hellion gestures at you.
The sphere of damnation explodes!
The damnation engulfs you!
* * * LOW HITPOINT WARNING * * *
Your body deteriorates!
You feel weakened.
Unknown command.
You can read scrolls again.
The hellion gestures at you.
The sphere of damnation explodes!
The damnation engulfs you!!!
You feel threatened and lose the ability to read scrolls!
You die...

Action                   |  1- 3 |  4- 6 |  7- 9 | 10-12 | 13-15 || total
-------------------------+-------+-------+-------+-------+-------++-------
Melee: Unarmed           |    28 |       |       |       |       ||    28
       Punch             |     1 |     1 |     4 |     7 |     6 ||    19
       Spear             |       |    31 |       |       |       ||    31
       Long sword        |       |     7 |    32 |       |       ||    39
       Lance             |       |       |   166 |   705 |   495 ||  1366
       Glaive            |       |       |       |       |   454 ||   454
 Fire: Shortbow          |    37 |       |       |       |       ||    37
 Cast: Magic Dart        |    79 |    84 |    65 |   183 |    48 ||   459
       Searing Ray       |     1 |     7 |    11 |    23 |     2 ||    44
       Fulminant Prism   |       |     1 |    17 |   103 |    68 ||   189
Evoke: Wand              |       |       |     3 |     5 |     4 ||    12
  Use: Scroll            |       |       |     9 |     7 |     4 ||    20
       Potion            |       |       |       |       |     3 ||     3
 Stab: Sleeping          |       |     2 |     3 |     5 |     7 ||    17
       Distracted        |       |       |       |       |     6 ||     6
Armor: Robe              |    28 |     9 |    32 |       |       ||    69
       Acid dragon scale |       |       |    83 |   347 |       ||   430
       Skin              |       |       |       |     1 |       ||     1
       Steam dragon scal |       |       |       |    32 |   235 ||   267
Dodge: Dodged            |    31 |    33 |   118 |   685 |   794 ||  1661

Levels and vault maps discovered:
D:1:      kennysheep_arrival_forest, layout_rooms,
          shapermc_ecumenical_altar_acropolis
D:2:      layout_loops_ring, basic_altar, minmay_heptomino_h4
D:3:      layout_basic, lemuel_blue_sif_altar, uniq_crazy_yiuf_cottage
D:4:      layout_basic
D:5:      layout_cave_pools, serial_park, serial_park_gazebo
          [serial_park_minivault_5x5_1], serial_park_square2,
          serial_park_square2, serial_park_tiny_pond
D:6:      layout_loops_corners, okawaru_trees_2,
          mainiacjoe_overflow_tiny_flanked, minmay_temple_entry_poolview,
          minmay_splitting_lines, uniq_maggie
D:7:      nicolae_cairo_tiling_very_big, layout_basic, nicolae_ru_path_of_blood,
          nicolae_shop_overcharged_wands
D:8:      layout_rooms
D:9:      kennysheep_blocky_hall, layout_basic, kennysheep_mini_moat
D:10:     layout_big_octagon, mainiacjoe_overflow_alcove_4,
          nicolae_overflow_hidden_temple, kennysheep_nondescript
D:11:     layout_basic, due_lair_maze_entry_diamond, enter_trove_1, uniq_harold
D:12:     layout_roguey, david_orc_1_choice, serial_undead, serial_undead_c,
          serial_undead_b, serial_undead_b, serial_undead_c, guppyfry_shop_venom
D:13:     minmay_evil_eye, layout_loops_cross, grunt_vaults_entry_tiered,
          serial_glass, glass_columns_b, glass_columns_c,
          minmay_strange_pillars, hellmonk_guarded_unrand_salamander
Lair:1:   layout_roguey, serial_bayou_shore_b
Lair:2:   layout_regular_city, minmay_shoals_entry_beasts,
          nicolae_spider_entry_orb_guardian, basic_altar, grunt_megastairs_4
Lair:3:   layout_regular_city, portal_ice_cave_entry_ice_simulacra,
          grunt_megastairs_5, uniq_kirke
Lair:4:   layout_regular_city, roderic_batcave, st_stairs_12
Lair:5:   due_jungle_book, layout_cellular_growth, slime_entry_1,
          lemuel_fruit_fields
Orc:1:    layout_caves, kennysheep_orc_chapel
Orc:2:    pubby_orc_utopia, serial_shops
Abyss:2:  base: D:7, spicy_abyss_rude_harpoons, evilmike_abyss_exit_12

Notes
Turn   | Place    | Note
-------+----------+-------------------------------------------
     0 | D:1      | sanka the Demigod Conjurer began the quest for the Orb.
     0 | D:1      | Reached XP level 1. HP: 14/14 MP: 5/5
   145 | D:1      | Reached skill level 2 in Spellcasting
   367 | D:1      | Reached skill level 4 in Conjurations
   400 | D:1      | Reached XP level 2. HP: 20/20 MP: 5/7
   970 | D:2      | Learned a level 2 spell: Searing Ray
  1129 | D:2      | Reached XP level 3. HP: 26/26 MP: 3/8
  2004 | D:3      | Reached skill level 5 in Conjurations
  2498 | D:3      | Reached XP level 4. HP: 33/33 MP: 3/9
  2552 | D:3      | Learned a level 4 spell: Fulminant Prism
  2835 | D:3      | Found a runed translucent door.
  2836 | D:3      | Noticed Crazy Yiuf
  3077 | D:3      | Killed Crazy Yiuf
  3205 | D:4      | Reached skill level 6 in Conjurations
  3205 | D:4      | Reached XP level 5. HP: 38/38 MP: 5/10
  3325 | D:4      | Noticed an ogre
  3331 | D:4      | Killed an ogre
  3332 | D:4      | Reached skill level 1 in Hexes
  3548 | D:4      | Reached XP level 6. HP: 45/45 MP: 4/11
  3805 | D:4      | Reached skill level 2 in Hexes
  4268 | D:5      | Entered Level 5 of the Dungeon
  4391 | D:5      | Reached skill level 7 in Conjurations
  4574 | D:5      | Identified the +1 long sword of Decaying Action {vamp,
                  | Int+5}
  4794 | D:5      | Reached XP level 7. HP: 50/50 MP: 7/13
  4893 | D:5      | Reached skill level 8 in Conjurations
  5426 | D:6      | Identified +0 acid dragon scales
  5426 | D:6      | Noticed Maggie
  5654 | D:6      | Reached skill level 9 in Conjurations
  5817 | D:6      | Reached XP level 8. HP: 49/57 MP: 6/14
  6059 | D:6      | Killed Maggie
  6060 | D:6      | Reached skill level 10 in Conjurations
  6410 | D:6      | Found a staircase to the Ecumenical Temple.
  6775 | D:7      | Noticed a hornet
  6778 | D:7      | Killed a hornet
  6779 | D:7      | Reached skill level 3 in Hexes
  6853 | D:7      | Reached skill level 3 in Spellcasting
  6853 | D:7      | Reached skill level 11 in Conjurations
  6856 | D:7      | Reached skill level 5 in Spellcasting
  6856 | D:7      | Reached XP level 9. HP: 62/62 MP: 7/20
  6861 | D:7      | Reached skill level 1 in Fighting
  6861 | D:7      | Reached skill level 2 in Dodging
  6995 | D:7      | Reached skill level 2 in Fighting
  6995 | D:7      | Reached skill level 3 in Dodging
  7285 | D:7      | Reached skill level 3 in Fighting
  7299 | D:7      | Found Daosikim's Overcharged Wands.
  7503 | D:8      | Reached skill level 4 in Dodging
  7699 | D:8      | Found the +5 lochaber axe {reach-cleave, poleaxe}
  8250 | D:9      | Reached skill level 4 in Fighting
  8437 | D:9      | Noticed a kobold demonologist
  8443 | D:9      | Killed a kobold demonologist
  8444 | D:9      | Reached skill level 5 in Dodging
  8444 | D:9      | Reached XP level 10. HP: 80/80 MP: 13/21
  8761 | D:9      | Reached skill level 5 in Fighting
  9331 | D:10     | Entered Level 10 of the Dungeon
  9366 | D:10     | Reached skill level 6 in Dodging
  9512 | D:10     | Reached skill level 6 in Fighting
  9716 | D:10     | Reached skill level 7 in Dodging
  9847 | D:10     | Noticed a two-headed ogre
  9857 | D:10     | Killed a two-headed ogre
  9858 | D:10     | Reached skill level 7 in Fighting
 10189 | D:11     | Found a staircase to the Lair.
 10193 | D:11     | Noticed Harold
 10215 | D:10     | Killed Harold
 10216 | D:10     | Reached skill level 1 in Armour
 10365 | D:11     | Reached XP level 11. HP: 89/92 MP: 22/22
 10458 | D:11     | Reached skill level 2 in Armour
 10624 | D:11     | Found a portal to a secret trove of treasure.
 10683 | D:11     | Noticed a two-headed ogre
 10692 | D:11     | Identified +0 acid dragon scales
 10693 | D:11     | Reached skill level 8 in Dodging
 10703 | D:11     | Killed a two-headed ogre
 10839 | D:11     | Reached skill level 3 in Armour
 11189 | D:12     | Noticed a two-headed ogre
 11200 | D:12     | Killed a two-headed ogre
 11201 | D:12     | Reached skill level 8 in Fighting
 11229 | D:12     | Reached skill level 1 in Polearms
 11470 | D:12     | Reached skill level 2 in Polearms
 11588 | D:12     | Reached skill level 4 in Armour
 11750 | D:12     | Found Rusk's Serpentskin Sales.
 11846 | D:12     | Reached skill level 3 in Polearms
 12111 | D:12     | Reached skill level 9 in Dodging
 12203 | D:12     | Found a staircase to the Orcish Mines.
 12651 | Lair:1   | Entered Level 1 of the Lair of Beasts
 12678 | Lair:1   | Reached skill level 5 in Armour
 12739 | Lair:1   | Reached skill level 9 in Fighting
 12780 | Lair:1   | Reached skill level 4 in Polearms
 12780 | Lair:1   | Reached XP level 12. HP: 97/104 MP: 15/23
 12950 | Lair:1   | Identified +0 steam dragon scales
 13662 | Lair:2   | Found a staircase to the Shoals.
 13794 | Lair:2   | Found a hole to the Spider Nest.
 13814 | Lair:2   | Reached skill level 5 in Polearms
 13814 | Lair:2   | Reached skill level 6 in Armour
 14129 | Lair:2   | Reached skill level 10 in Dodging
 14169 | Lair:2   | Identified the +7 sling of the Other Side {vorpal, Contam
                  | rF+ rN+}
 14592 | Lair:3   | Found a frozen archway.
 14689 | IceCv    | Entered an ice cave
 14978 | IceCv    | Identified the +2 leather armour of Ucereoku {Rampage
                  | Stlth+}
 15233 | IceCv    | Reached skill level 10 in Fighting
 16001 | IceCv    | Reached skill level 6 in Polearms
 16299 | IceCv    | Identified a +2 robe of resistance
 17016 | Lair:3   | Noticed Kirke
 17051 | Lair:3   | Reached XP level 13. HP: 98/114 MP: 24/24
 17462 | Lair:3   | Reached skill level 7 in Polearms
 17486 | Lair:3   | Killed Kirke
 17487 | Lair:3   | Reached skill level 11 in Dodging
 17786 | Lair:4   | Reached skill level 11 in Fighting
 18282 | Lair:4   | Reached skill level 8 in Polearms
 18785 | Lair:5   | Entered Level 5 of the Lair of Beasts
 18807 | Lair:5   | Identified the +1 helmet of Rooheloguh {rC+ Dex+4}
 18902 | Lair:5   | Learned a level 2 spell: Passwall
 19055 | Lair:5   | Found a staircase to the Slime Pits.
 19588 | Lair:5   | Noticed a dire elephant
 19588 | Lair:5   | Noticed a dire elephant
 19632 | Lair:5   | Noticed a dire elephant
 19667 | Lair:5   | Killed a dire elephant
 19787 | Lair:5   | Noticed a dire elephant
 19825 | Lair:5   | Killed a dire elephant
 20228 | Lair:5   | Reached skill level 12 in Dodging
 20359 | Lair:5   | Identified +0 shadow dragon scales
 20758 | Lair:5   | Reached skill level 9 in Polearms
 20811 | Lair:5   | Reached skill level 12 in Fighting
 21001 | Lair:5   | Reached XP level 14. HP: 89/126 MP: 20/25
 21535 | Orc:1    | Entered Level 1 of the Orcish Mines
 21560 | Orc:1    | Noticed an orc warlord
 21731 | Orc:1    | Killed an orc warlord
 22165 | Orc:2    | Entered Level 2 of the Orcish Mines
 22305 | Orc:2    | Noticed an orc warlord
 22427 | Orc:2    | Reached skill level 10 in Polearms
 22512 | Orc:2    | Killed an orc warlord
 22882 | Orc:2    | Found a staircase to the Elven Halls.
 22941 | Orc:2    | Noticed an orc warlord
 22961 | Orc:2    | Identified a +2 robe of the Archmagi
 22966 | Orc:2    | Killed an orc warlord
 22972 | Orc:2    | Reached skill level 11 in Polearms
 23010 | Orc:2    | Found Cuvvie Upeupp's General Store.
 23155 | Orc:2    | Found Kyteifal's Jewellery Shoppe.
 23330 | Orc:2    | Noticed an orc warlord
 23333 | Orc:2    | Paralysed by an orc sorcerer for 2 turns
 23339 | Orc:2    | Killed an orc warlord
 23343 | Orc:2    | Paralysed by an orc sorcerer for 5 turns
 23385 | Orc:2    | Reached skill level 12 in Polearms
 23411 | Orc:2    | Found Fune's Distillery.
 23422 | Orc:2    | Found Jugomn's Jewellery Shop.
 24248 | D:13     | Found the +3 salamander hide armour {Flames rF++ rC--}
 24254 | D:13     | Reached skill level 13 in Polearms
 24671 | D:13     | Found a gate to the Vaults.
 24671 | Abyss:2  | Cast into level 2 of the Abyss (a wizard)
 24729 | Abyss:2  | Reached XP level 15. HP: 64/134 MP: 26/26
 24746 | Abyss:2  | HP: 9/134 [metal wall collision (14)]
 24785 | Abyss:2  | Reached skill level 14 in Polearms
 24793 | Abyss:2  | Gained mutation: Your body sometimes deteriorates upon
                  | taking damage. [a cacodemon]
 24798 | Abyss:2  | HP: 11/134 [cacodemon (5)]
 24799 | Abyss:2  | HP: 5/134 [cacodemon (7)]
 24808 | Abyss:2  | HP: 13/134 [hellion/damnation (15)]
 24811 | Abyss:2  | Killed from afar by a hellion

Vanquished Creatures
  Kirke (Lair:3)
  4 orc warlords
  A cacodemon (Abyss:2)
  An ophan (Abyss:2)
  2 very ugly things (Abyss:2)
  3 dire elephants (Lair:5)
  3 hydras
  A salamander tyrant (D:13)
  Harold (D:10)
  2 centaur warriors (D:13)
  A boulder beetle (D:13)
  5 two-headed ogres
  A death yak (Lair:5)
  5 orc high priests
  A thrashing horror (Abyss:2)
  2 spectral death yaks (Lair:5)
  A wretched star (Abyss:2)
  A salamander mystic (D:13)
  A spectral anaconda (Lair:5)
  An orb spider (Lair:2)
  2 bog bodies (IceCv)
  5 orc knights (Orc:2)
  5 necromancers
  An obsidian statue (Lair:5)
  An oklob plant (Lair:3)
  A cyclops (D:13)
  4 salamanders (D:13)
  7 orc sorcerers
  5 ugly things
  14 elephants
  3 manticores
  2 black mambas
  3 centaur zombies (D:12)
  An ice statue (IceCv)
  13 cane toads
  2 gargoyles (D:10)
  An orange demon (Abyss:2)
  Maggie (D:6)
  A dire elephant skeleton (Lair:5)
  3 rime drakes
  A large abomination (Abyss:2)
  4 komodo dragons
  A kobold demonologist (D:9)
  An efreet (Abyss:2)
  2 unseen horrors
  7 trolls
  5 polar bears
  A wind drake (Lair:2)
  2 hornets
  15 blink frogs
  3 slime creatures (D:12)
  A meliai zombie (D:12)
  10 dream sheep
  4 vampires
  5 shadows
  A ynoxinul (Abyss:2)
  A water elemental (Abyss:2)
  7 hogs (Lair:3)
  2 wyverns
  A dire elephant simulacrum (IceCv)
  3 wraiths
  2 steam dragons
  3 death yak simulacra
  32 yaks
  17 humans (D:13)
  2 basilisks
  5 vampire mosquitoes
  2 acid dragons
  2 harpy simulacra (IceCv)
  A spectral cane toad (Lair:5)
  6 wargs
  13 water moccasins
  3 hydra simulacra (IceCv)
  An ice beast (D:6)
  43 orc warriors
  2 black bears
  A sky beast (D:5)
  2 elephant zombies (Lair:5)
  7 wolves (Lair:2)
  17 ogres
  5 centaurs
  An elephant skeleton (Lair:5)
  A phantom (D:6)
  15 bullfrogs
  5 kobold brigands
  A gnoll sergeant (D:9)
  5 scorpions
  2 necrophages (D:7)
  2 cane toad simulacra (IceCv)
  6 two-headed ogre simulacra (IceCv)
  8 killer bees
  8 elephant simulacra
  8 howler monkeys
  2 vampire bats (Lair:4)
  3 hounds
  5 jellies
  Crazy Yiuf (D:3)
  29 orc priests
  A gnoll bouda (D:6)
  6 iguanas
  16 orc wizards
  4 troll simulacra (IceCv)
  4 wolf simulacra
  6 spriggan simulacra (IceCv)
  10 gnolls
  8 adders
  7 naga simulacra (IceCv)
  2 shadow imps
  13 white imps
  5 ufetubi
  A worm (D:3)
  4 dart slugs
  94 orcs
  10 bats
  9 endoplasms
  3 giant cockroaches
  4 goblins
  7 hobgoblins
  4 jackals (D:2)
  29 kobolds
  6 quokkas
  4 ball pythons
  2 frilled lizards (D:3)
  2 rats
  A fulminant prism (D:12)
720 creatures vanquished.

Vanquished Creatures (others)
  An elephant (Lair:5)
  A rime drake (Lair:3)
  188 fulminant prisms
  58 fungi
  86 plants
  40 withered plants
374 creatures vanquished.

Grand Total: 1094 creatures vanquished
